 Dungeon Crawl Stone Soup version 0.20.1-1-g8b1a95d (webtiles) character file.

126 slep the Skirmisher (level 4, 0/35 HPs)
             Began as a Demonspawn Abyssal Knight on Oct 25, 2017.
             Was a Believer of Lugonu.
             Slain by an orc
             ... wielding a +0 trident
              (1 damage)
             ... on level 3 of the Dungeon.
             The game lasted 00:08:51 (1444 turns).

slep the Skirmisher (Demonspawn Abyssal Knight)     Turns: 1444, Time: 00:08:51

Health: 0/35       AC:  6    Str: 12    XL:     4   Next: 83%
Magic:  5/5        EV: 11    Int: 13    God:    Lugonu [**....]
Gold:   97         SH:  3    Dex: 14    Spells: 3/3 levels left

rFire    . . .     SeeInvis .   a - +1 falchion
rCold    . . .     Gourm    .   r - +0 buckler (curse)
rNeg     . . .     Faith    .   b - +0 leather armour
rPois    .         Spirit   .   j - +0 helmet
rElec    .         Reflect  .   (no cloak)
rCorr    .         Harm     .   (no gloves)
MR       .....                  (no boots)
Stlth    +.........             (no amulet)
Regen    0.2/turn               (no ring)
MPRegen  0.1/turn               (no ring)

@: lethally poisoned (0 -> -1)
A: thin metallic scales 1, powered by death 1
a: Depart the Abyss, Bend Space, Renounce Religion


You were on level 3 of the Dungeon.
You worshipped Lugonu.
Lugonu was pleased with you.
You were not hungry.

You visited 1 branch of the dungeon, and saw 3 of its levels.
You visited the Abyss 1 time.

You collected 97 gold pieces.

Inventory:

Hand Weapons
 a - a +1 falchion (weapon)
 e - a +0 short sword of draining
Armour
 b - a +0 leather armour (worn)
 j - a +0 helmet (worn)
 r - a cursed +0 buckler (worn)
Wands
 s - a wand of polymorph (13/24)
Scrolls
 g - 2 scrolls of remove curse {unknown}
 k - a scroll of recharging {unknown}
 o - 2 scrolls of identify {unknown}
 t - a scroll of teleportation {unknown}
Potions
 d - 2 potions of agility {unknown}
 h - 2 potions of cancellation {unknown}
 l - a potion of flight {unknown}
 n - a potion of degeneration {unknown}
 p - a potion of brilliance {unknown}
 q - a potion of ambrosia {unknown}
Comestibles
 c - 2 bread rations
 f - a royal jelly
 i - 2 meat rations
 m - a chunk of flesh


   Skills:
 + Level 3.5 Fighting
 + Level 3.4 Long Blades
 + Level 2.2 Armour
 + Level 1.7 Dodging
 + Level 0.6 Stealth
 + Level 2.5 Invocations


You had 3 spell levels left.
You didn't know any spells.

Dungeon Overview and Level Annotations

Branches:
Dungeon (3/15)

Altars:
Qazlal
Uskayaw


Innate Abilities, Weirdness & Mutations

You are partially covered in thin metallic scales. (AC +2)
You regenerate a little health from kills.


Message History

You see here 2 tomahawks.
You feel sick. The orc hits you but does no damage.
You hit the orc.
The orc is heavily wounded.
The orc closely misses you. x2; You block the orc's attack.
You hit the orc.
The orc is almost dead.
The orc closely misses you.
The orc hits you from afar with a trident.
* * * LOW HITPOINT WARNING * * *
The orc hits you but does no damage.
You hit the orc.
You kill the orc!
Lugonu accepts your kill.
You feel sick. The orc hits you but does no damage.
The orc hits you from afar with a trident.
* * * LOW HITPOINT WARNING * * *
You hit the orc but do no damage. The orc hits you but does no damage.
The orc hits you from afar with a trident.
You die...

### #### #(### ...
#†@o##.#
###)...##.###
##o........ .
##.K<##.....
<...####o.####..$..
....K.K..[.........
......#o..!......
.##.....#######.#
...#####


You could see 2 orcs and a kobold.

Vanquished Creatures
  4 adders
  A worm (D:2)
  2 dart slugs
  2 leopard geckos
  2 orcs (D:3)
  8 bats
  5 giant cockroaches
  7 goblins
  7 hobgoblins
  14 jackals
  8 kobolds
  A quokka (D:2)
  A ball python (D:2)
  3 frilled lizards
  6 rats
71 creatures vanquished.

Notes
Turn   | Place    | Note
-------+----------+-------------------------------------------
     0 | Abyss:1  | slep the Demonspawn Abyssal Knight began the quest for the Orb.
     0 | Abyss:1  | Reached XP level 1. HP: 18/18 MP: 2/2
    29 | Abyss:1  | Noticed an ancient zyme
    52 | Abyss:1  | Noticed a chaos spawn
    57 | D:1      | Escaped the Abyss
    72 | D:1      | Reached skill level 1 in Dodging
   120 | D:1      | Reached * piety under Lugonu
   122 | D:1      | Gained mutation: You are partially covered in thin metallic scales. (AC +2) [demonic ancestry]
   122 | D:1      | Reached XP level 2. HP: 22/24 MP: 3/3
   430 | D:1      | Gained mutation: You regenerate a little health from kills. [demonic ancestry]
   430 | D:1      | Reached XP level 3. HP: 29/29 MP: 4/4
   712 | D:2      | Reached ** piety under Lugonu
   876 | D:2      | Reached XP level 4. HP: 28/35 MP: 5/5
   940 | D:2      | Found a hide-covered altar of Uskayaw.
  1323 | D:2      | Found a stormy altar of Qazlal.
  1443 | D:3      | HP: 1/35 [orc/trident (3)]
  1444 | D:3      | Slain by an orc

Skill      XL: |  1  2  3  4 |
---------------+-------------+-----
Dodging        | 1 |  1.7
Long Blades    | 2 3 |  3.4
Armour         | 2 |  2.2
Fighting       | |  3.5
Stealth        | |  0.6
Invocations    | |  2.5

Action                   |  1- 3 |  4- 6 || total
-------------------------+-------+-------++-------
Melee: Falchion          |   147 |    87 ||   234
Invok: Depart the Abyss  |     1 |       ||     1
 Stab: Sleeping          |       |     2 ||     2
       Distracted        |       |     1 ||     1
  Eat: Chunk             |       |     2 ||     2
Armor: Leather armour    |    65 |    27 ||    92
Dodge: Dodged            |   113 |    59 ||   172
Block: Buckler           |       |    15 ||    15
       Rpst.: Falchion   |    40 |    12 ||    52
